Devils vs Senateurs
Created - December 22, 2017 at 22:44
Goals
|
Devils |
1 |
2 |
1 |
4 |
Senateurs |
0 |
0 |
3 |
3 |
|
Shots
|
Devils |
5 |
7 |
14 |
26 |
Senateurs |
10 |
7 |
11 |
28 |
|
1st period
1. Devils , Jordan Eberle 10 (Robyn Regehr 3) at 19:29
Penalties :
Carlo Colaiacovo (Ott) for High sticking (Minor) at 13:35
2nd period
2. Devils , Matt Duchene 10 (Ted Purcell 14) at 1:50
3. Devils , Jordan Eberle 11 (Matt Duchene 23) at 12:44
Penalties :
Steve Ott (NJD) for Cross-checking (Minor) at 3:07, Mike Komisarek (NJD) for Hooking (Minor) at 10:21, B.J. Crombeen (Ott) for Hooking (Minor) at 16:47
3rd period
4. Senateurs , B.J. Crombeen 6 (Evgeni Malkin 19, Cody Franson 5) at 0:08
5. Senateurs , Brandon Dubinsky 6 (Milan Hejduk 3, Carlo Colaiacovo 13) at 6:57
6. Senateurs , Ramzi Abid 7 (Kurtis Foster 15, Dan Hamhuis 12) at 11:27
7. Devils , Steve Ott 1 (Unassisted) at 17:12
Penalties :
J.T. Miller (NJD) for Hooking (Minor) at 3:11, David Krejci (Ott) for Hooking (Minor) at 17:34
Goalie Stats
James Reimer (NJD), 25 saves from 28 shots - (0.893), W, 11-6-0, 60:00 minutes
Ondrej Pavelec (Ott), 22 saves from 26 shots - (0.846), L, 11-11-2, 59:51 minutes
Players Stats for Devils
Player Name G A P +/- PIM S H SB GA TA FO MP PP MP PK MP
------------------------------------------------------------------------------------
Adam Pardy 0 0 0 1 0 0 2 0 0 0 0/0 15:57 1:31 3:43
Anthony Stewart 0 0 0 1 0 2 0 0 1 0 0/0 8:14 1:07 0:00
Brandon Bollig 0 0 0 1 0 1 1 1 0 0 0/0 6:52 0:07 0:00
Darroll Powe 0 0 0 -1 0 1 2 0 1 0 8/10 14:33 0:46 3:32
Erik Christensen 0 0 0 -2 0 2 3 0 0 0 7/10 16:25 2:47 0:00
J.T. Miller 0 0 0 -2 2 0 0 0 1 1 0/0 17:05 2:49 0:34
Jordan Eberle 2 0 2 3 0 6 2 0 0 1 1/1 21:19 2:12 1:41
Karl Alzner 0 0 0 -1 0 0 1 3 0 1 0/0 23:33 1:30 2:14
Kellan Lain 0 0 0 -1 0 1 1 0 0 0 1/1 11:40 0:49 0:36
Martin St. Louis 0 0 0 -2 0 4 3 0 0 0 0/0 19:53 2:47 3:06
Matt Duchene 1 1 2 3 0 3 3 2 0 0 13/26 21:17 2:12 1:17
Mike Komisarek 0 0 0 0 2 3 1 2 0 2 0/0 23:41 2:35 2:39
Peter Prucha 0 0 0 -1 0 0 2 0 2 0 1/1 10:19 0:12 0:00
Robyn Regehr 0 1 1 1 0 1 0 0 1 0 0/0 15:09 3:12 2:14
Ryan Whitney 0 0 0 1 0 0 0 1 0 0 0/0 18:30 1:15 0:00
Steve Ott 1 0 1 1 2 0 1 0 0 0 2/4 7:55 0:12 1:08
Ted Purcell 0 1 1 3 0 2 2 1 0 0 1/3 19:37 2:12 0:00
Tyler Cuma 0 0 0 -1 0 0 2 1 1 1 0/0 22:00 1:30 1:04
Players Stats for Senateurs
Player Name G A P +/- PIM S H SB GA TA FO MP PP MP PK MP
------------------------------------------------------------------------------------
Arturs Kulda 0 0 0 0 0 1 0 0 0 0 0/0 4:25 0:00 0:00
B.J. Crombeen 1 0 1 -1 2 2 1 0 0 0 0/1 19:46 3:09 1:11
Brandon Dubinsky 1 0 1 -1 0 4 1 0 1 1 5/11 15:55 0:10 1:15
Brooks Orpik 0 0 0 -3 0 0 0 0 0 2 0/0 9:46 0:00 0:00
Carlo Colaiacovo 0 1 1 1 2 4 2 2 1 1 0/0 19:45 2:47 2:26
Cody Franson 0 1 1 1 0 0 0 0 0 1 0/0 20:09 2:47 3:10
Cody Hodgson 0 0 0 1 0 3 1 0 0 0 3/6 16:11 2:38 0:05
Dan Girardi 0 0 0 0 0 0 0 0 0 0 0/0 5:08 0:00 0:32
Dan Hamhuis 0 1 1 1 0 1 1 3 1 0 0/0 25:21 3:10 2:15
David Krejci 0 0 0 0 2 0 0 0 0 0 0/4 6:34 0:00 1:29
Evgeni Malkin 0 1 1 -1 0 3 0 0 0 1 14/29 24:57 3:09 1:57
Johan Franzen 0 0 0 1 0 2 1 1 1 0 0/2 17:43 2:38 2:02
Kurtis Foster 0 1 1 1 0 1 4 0 0 0 0/0 25:21 3:10 2:15
Milan Hejduk 0 1 1 -1 0 2 1 1 0 0 0/0 14:30 0:00 0:00
Ramzi Abid 1 0 1 1 0 2 1 0 0 0 0/0 17:33 2:38 1:37
Sergei Kostitsyn 0 0 0 -1 0 0 0 1 0 0 0/0 15:10 0:10 0:20
Thomas Vanek 0 0 0 -1 0 3 2 0 2 1 0/3 24:57 3:19 1:58
Vladimir Mihalik 0 0 0 -3 0 0 2 0 0 0 0/0 10:49 0:00 1:16
3 Stars
1 - Jordan Eberle (NJD)
2 - Matt Duchene (NJD)
3 - Ted Purcell (NJD)
Power Play
Devils - 0 on 3 Attempt(s) - 0.00%
Senateurs - 0 on 4 Attempt(s) - 0.00%
Penalty Kill
Devils - 4 on 4 Attempt(s) - 100.00%
- Score 0 goal in Penalty Kill
Senateurs - 3 on 3 Attempt(s) - 100.00%
- Score 0 goal in Penalty Kill
Team Stat
Devils - Hits : 26 - Faceoff Wins : 34 - Blocked Shots : 11 - Penalty Minutes : 6
Senateurs - Hits : 17 - Faceoff Wins : 22 - Blocked Shots : 8 - Penalty Minutes : 6
Official
Referees : Furlatt Eric and Charron Francis
Linesman : David Brisebois and Mark Shewchyk
Game Notes
17:12 of 3rd period - Penalty Shot by Steve Ott for Devils - Goal!
Finance
Level 1 -- Attendance: 5268 (87.80%) -- Ticket Income $437,244
Level 2 -- Attendance: 4775 (95.50%) -- Ticket Income $253,075
Level 3 -- Attendance: 2000 (100.00%) -- Ticket Income $66,000
Level 4 -- Attendance: 3873 (96.83%) -- Ticket Income $89,079
Luxury Box -- Attendance: 859 (85.90%) -- Ticket Income $133,145
Game was played at the Place Banque Scotia.
Total Attendance: 16775 (93.19%)
Total Ticket Income: $978,543
Other Income: $146,781
Total Income: $1,125,324
Devils
5 vs 5 Forward
Center Left Wing Right Wing Time % Phy DF OF
1 Matt Duchene Ted Purcell Jordan Eberle 40 0 2 3
2 Erik Christensen J.T. Miller Martin St. Louis 30 0 2 3
3 Darroll Powe Kellan Lain Peter Prucha 20 0 2 3
4 Steve Ott Brandon Bollig Anthony Stewart 10 1 2 2
5 vs 5 Defense
Defense Defense Time % Phy DF OF
1 Tyler Cuma Karl Alzner 40 1 2 2
2 Ryan Whitney Mike Komisarek 30 1 2 2
3 Robyn Regehr Adam Pardy 20 1 2 2
4 Mike Komisarek Ryan Whitney 10 1 2 2
PowerPlay Forward
Center Left Wing Right Wing Time % Phy DF OF
1 Matt Duchene Ted Purcell Jordan Eberle 60 1 2 2
2 Erik Christensen J.T. Miller Martin St. Louis 40 1 2 2
PowerPlay Defense
Defense Defense Time % Phy DF OF
1 Tyler Cuma Karl Alzner 60 1 2 2
2 Mike Komisarek Robyn Regehr 40 1 2 2
Penalty Kill 4 Players Forward
Center Wing Time % Phy DF OF
1 Darroll Powe Martin St. Louis 60 1 2 2
2 Steve Ott Jordan Eberle 40 1 2 2
Penalty Kill 4 Players Defense
Defense Defense Time % Phy DF OF
1 Adam Pardy Mike Komisarek 60 1 2 2
2 Karl Alzner Robyn Regehr 40 1 2 2
Penalty Kill - 3 Players Forward
Forward Time % Phy DF OF
1 Jordan Eberle 60 1 2 2
2 Martin St. Louis 40 1 2 2
Penalty Kill - 3 Players Defense
Defense Defense Time % Phy DF OF
1 Adam Pardy Mike Komisarek 60 1 2 2
2 Ryan Whitney Robyn Regehr 40 1 2 2
4 vs 4 Forward
Center Wing Time % Phy DF OF
1 Erik Christensen Martin St. Louis 60 1 2 2
2 Matt Duchene Jordan Eberle 40 1 2 2
4 vs 4 Defense
Defense Defense Time % Phy DF OF
1 Robyn Regehr Mike Komisarek 60 1 2 2
2 Ryan Whitney Tyler Cuma 40 1 2 2
Last Minutes Offensive
Center Left Wing Right Wing Defense Defense
Matt Duchene Ted Purcell Jordan Eberle Ryan Whitney Tyler Cuma
Last Minutes Defensive
Center Left Wing Right Wing Defense Defense
Matt Duchene Ted Purcell Jordan Eberle Karl Alzner Mike Komisarek
Goaltenders
Starting : James Reimer
Backup : Cam Ward
Extra Forwards
Normal : J.T. Miller, Erik Christensen, Darroll Powe - PP : Martin St. Louis, Erik Christensen - PK : Darroll Powe
Extra Defensemen
Normal : Tyler Cuma, Adam Pardy, Karl Alzner - PP : Tyler Cuma - PK : Adam Pardy, Tyler Cuma
Penalty Shots
Jordan Eberle, Ted Purcell, Peter Prucha, Matt Duchene, Martin St. Louis
Scratches
Jonathan Toews (Back Surgery Injury), Dan Boyle (Healthy), Kyle Cumiskey (Healthy)
Senateurs
5 vs 5 Forward
Center Left Wing Right Wing Time % Phy DF OF
1 Evgeni Malkin Thomas Vanek B.J. Crombeen 40 1 2 2
2 Cody Hodgson Ramzi Abid Johan Franzen 30 1 2 2
3 Brandon Dubinsky Sergei Kostitsyn Milan Hejduk 20 1 2 2
4 David Krejci Evgeni Malkin Thomas Vanek 10 1 2 2
5 vs 5 Defense
Defense Defense Time % Phy DF OF
1 Kurtis Foster Dan Hamhuis 40 1 2 2
2 Cody Franson Carlo Colaiacovo 30 1 2 2
3 Brooks Orpik Vladimir Mihalik 20 1 2 2
4 Dan Girardi Arturs Kulda 10 1 2 2
PowerPlay Forward
Center Left Wing Right Wing Time % Phy DF OF
1 Evgeni Malkin Thomas Vanek B.J. Crombeen 60 1 2 2
2 Cody Hodgson Ramzi Abid Johan Franzen 40 1 2 2
PowerPlay Defense
Defense Defense Time % Phy DF OF
1 Kurtis Foster Dan Hamhuis 60 1 2 2
2 Cody Franson Carlo Colaiacovo 40 1 2 2
Penalty Kill 4 Players Forward
Center Wing Time % Phy DF OF
1 Evgeni Malkin Thomas Vanek 60 1 2 2
2 B.J. Crombeen Johan Franzen 40 1 2 2
Penalty Kill 4 Players Defense
Defense Defense Time % Phy DF OF
1 Kurtis Foster Dan Hamhuis 60 1 2 2
2 Cody Franson Carlo Colaiacovo 40 1 2 2
Penalty Kill - 3 Players Forward
Forward Time % Phy DF OF
1 Evgeni Malkin 60 1 2 2
2 Thomas Vanek 40 1 2 2
Penalty Kill - 3 Players Defense
Defense Defense Time % Phy DF OF
1 Kurtis Foster Dan Hamhuis 60 1 2 2
2 Cody Franson Carlo Colaiacovo 40 1 2 2
4 vs 4 Forward
Center Wing Time % Phy DF OF
1 Evgeni Malkin Thomas Vanek 60 1 2 2
2 B.J. Crombeen Johan Franzen 40 1 2 2
4 vs 4 Defense
Defense Defense Time % Phy DF OF
1 Kurtis Foster Dan Hamhuis 60 1 2 2
2 Cody Franson Carlo Colaiacovo 40 1 2 2
Last Minutes Offensive
Center Left Wing Right Wing Defense Defense
Evgeni Malkin Thomas Vanek B.J. Crombeen Kurtis Foster Dan Hamhuis
Last Minutes Defensive
Center Left Wing Right Wing Defense Defense
Evgeni Malkin Thomas Vanek B.J. Crombeen Kurtis Foster Dan Hamhuis
Goaltenders
Starting : Ondrej Pavelec
Backup : Jeff Deslauriers
Extra Forwards
Normal : Brandon Dubinsky, Sergei Kostitsyn, David Krejci - PP : Brandon Dubinsky, Sergei Kostitsyn - PK : David Krejci
Extra Defensemen
Normal : Brooks Orpik, Vladimir Mihalik, Dan Girardi - PP : Brooks Orpik - PK : Vladimir Mihalik, Dan Girardi
Penalty Shots
Evgeni Malkin, Thomas Vanek, B.J. Crombeen, Johan Franzen, Cody Hodgson
Scratches
Brenden Morrow (Concussion Injury), Pascal Dupuis (Healthy), Ryan Malone (Healthy)
% Time on Ice - Devils
Lines # - Real PCT - Wanted PCT - Time Play
Normal Forward
1 - 37% - 40% - 17:47
2 - 28% - 30% - 13:29
3 - 21% - 20% - 9:53
4 - 14% - 10% - 6:35
Normal Defense
1 - 43% - 40% - 20:18
2 - 29% - 30% - 13:45
3 - 20% - 20% - 9:42
4 - 8% - 10% - 3:59
PP Forward
1 - 37% - 60% - 2:12
2 - 63% - 40% - 3:45
PP Defense
1 - 25% - 60% - 1:30
2 - 75% - 40% - 4:27
PK Forward
1 - 72% - 60% - 4:16
2 - 28% - 40% - 1:41
PK Defense
1 - 66% - 60% - 3:57
2 - 34% - 40% - 2:00
PK3 Forward
1 - 0% - 60%
2 - 0% - 40%
PK3 Defense
1 - 0% - 60%
2 - 0% - 40%
44 Forward
1 - 0% - 60%
2 - 0% - 40%
44 Defense
1 - 0% - 60%
2 - 0% - 40%
Last Minute Offensive - 0:00
Last Minute Defensive - 0:22
Total
Forward - 60:00
Defense - 60:00
|
% Time on Ice - Senateurs
Lines # - Real PCT - Wanted PCT - Time Play
Normal Forward
1 - 33% - 40% - 15:32
2 - 27% - 30% - 13:03
3 - 30% - 20% - 14:30
4 - 10% - 10% - 4:40
Normal Defense
1 - 41% - 40% - 19:46
2 - 30% - 30% - 14:12
3 - 20% - 20% - 9:22
4 - 9% - 10% - 4:25
PP Forward
1 - 56% - 60% - 3:19
2 - 44% - 40% - 2:38
PP Defense
1 - 53% - 60% - 3:10
2 - 47% - 40% - 2:47
PK Forward
1 - 60% - 60% - 3:33
2 - 40% - 40% - 2:24
PK Defense
1 - 44% - 60% - 2:38
2 - 56% - 40% - 3:19
PK3 Forward
1 - 0% - 60%
2 - 0% - 40%
PK3 Defense
1 - 0% - 60%
2 - 0% - 40%
44 Forward
1 - 0% - 60%
2 - 0% - 40%
44 Defense
1 - 0% - 60%
2 - 0% - 40%
Last Minute Offensive - 0:21
Last Minute Defensive - 0:00
Total
Forward - 60:00
Defense - 60:00
|
Play by Play
1st period
0:01 of 1st period - Matt Duchene wins face-off versus Evgeni Malkin in neutral zone.
0:38 of 1st period - Slapshot by Johan Franzen.
0:38 of 1st period - Stopped by James Reimer with a rebound.
0:54 of 1st period - Mike Komisarek is hit by Milan Hejduk and loses puck.
1:54 of 1st period - Slapshot by Carlo Colaiacovo.
1:54 of 1st period - Stopped by James Reimer without a rebound.
1:55 of 1st period - Peter Prucha wins face-off versus Brandon Dubinsky in Devils zone.
2:33 of 1st period - Off-side.
2:34 of 1st period - Erik Christensen wins face-off versus Thomas Vanek in neutral zone.
2:43 of 1st period - Snap shot by Martin St. Louis.
2:43 of 1st period - Shot Misses the Net.
2:49 of 1st period - Snap shot by Martin St. Louis.
2:49 of 1st period - Stopped by Ondrej Pavelec without a rebound.
2:50 of 1st period - Cody Hodgson wins face-off versus Matt Duchene in Senateurs zone.
2:50 of 1st period - Cody Hodgson is hit by Matt Duchene.
3:02 of 1st period - Slapshot by Ramzi Abid.
3:02 of 1st period - Stopped by James Reimer with a rebound.
3:04 of 1st period - Slapshot by Johan Franzen.
3:04 of 1st period - Deflect By Cody Hodgson.
3:04 of 1st period - Stopped by James Reimer with a rebound.
3:06 of 1st period - Slapshot by Arturs Kulda.
3:06 of 1st period - Stopped by James Reimer with a rebound.
3:16 of 1st period - Evgeni Malkin is hit by Martin St. Louis and loses puck.
3:32 of 1st period - Icing by Ryan Whitney.
3:33 of 1st period - Erik Christensen wins face-off versus Brandon Dubinsky in Devils zone.
3:58 of 1st period - Jordan Eberle is hit by B.J. Crombeen and loses puck.
4:06 of 1st period - Off-side.
4:07 of 1st period - Steve Ott wins face-off versus Evgeni Malkin in neutral zone.
4:34 of 1st period - Karl Alzner is hit by Kurtis Foster.
5:02 of 1st period - Wrist shot by Darroll Powe.
5:02 of 1st period - Shot Misses the Net.
5:34 of 1st period - Carlo Colaiacovo is hit by Erik Christensen and loses puck.
7:52 of 1st period - Wrist shot by Jordan Eberle.
7:52 of 1st period - Deflect By Ted Purcell.
7:52 of 1st period - Stopped by Ondrej Pavelec without a rebound.
7:53 of 1st period - Matt Duchene wins face-off versus Johan Franzen in Senateurs zone.
7:54 of 1st period - Snap shot by Jordan Eberle.
7:54 of 1st period - Stopped by Ondrej Pavelec without a rebound.
7:55 of 1st period - Matt Duchene wins face-off versus Cody Hodgson in Senateurs zone.
8:02 of 1st period - Slapshot by Jordan Eberle.
8:02 of 1st period - Deflect By Cody Franson.
8:02 of 1st period - Shot Misses the Net.
8:02 of 1st period - Puck is out of play.
8:03 of 1st period - Matt Duchene wins face-off versus Evgeni Malkin in Senateurs zone.
8:12 of 1st period - Karl Alzner is hit by Thomas Vanek and loses puck.
8:33 of 1st period - Snap shot by Brandon Dubinsky.
8:33 of 1st period - Stopped by James Reimer without a rebound.
8:34 of 1st period - Erik Christensen wins face-off versus Brandon Dubinsky in Devils zone.
8:41 of 1st period - Sergei Kostitsyn is hit by Mike Komisarek and loses puck.
8:48 of 1st period - Wrist shot by Martin St. Louis.
8:48 of 1st period - Stopped by Ondrej Pavelec without a rebound.
8:49 of 1st period - Evgeni Malkin wins face-off versus Matt Duchene in Senateurs zone.
9:40 of 1st period - Milan Hejduk is hit by Peter Prucha.
11:24 of 1st period - Evgeni Malkin is hit by Tyler Cuma.
11:38 of 1st period - Milan Hejduk is hit by Erik Christensen and loses puck.
12:21 of 1st period - Brooks Orpik is hit by Tyler Cuma and loses puck.
12:52 of 1st period - Snap shot by Erik Christensen.
12:52 of 1st period - Shot Misses the Net.
13:33 of 1st period - Wrist shot by Matt Duchene.
13:33 of 1st period - Shot Misses the Net.
13:35 of 1st period - Minor Penalty to Carlo Colaiacovo for High sticking.
13:36 of 1st period - Evgeni Malkin wins face-off versus Matt Duchene in Senateurs zone.
13:45 of 1st period - Kurtis Foster is hit by Ted Purcell and loses puck.
14:00 of 1st period - Kurtis Foster is hit by Martin St. Louis.
15:35 of 1st period - Penalty to Carlo Colaiacovo is over, Carlo Colaiacovo is back on ice.
15:55 of 1st period - Snap shot by Carlo Colaiacovo.
15:55 of 1st period - Deflect By Peter Prucha.
15:55 of 1st period - Stopped by James Reimer without a rebound.
15:56 of 1st period - Brandon Dubinsky wins face-off versus Darroll Powe in Devils zone.
16:03 of 1st period - Brandon Dubinsky is hit by Darroll Powe and loses puck.
16:22 of 1st period - Adam Pardy is hit by Cody Hodgson and loses puck.
16:53 of 1st period - Arturs Kulda is hit by Peter Prucha and loses puck.
18:49 of 1st period - Ramzi Abid is hit by Kellan Lain and loses puck.
19:00 of 1st period - Darroll Powe is hit by Dan Hamhuis and loses puck.
19:19 of 1st period - Off-side.
19:20 of 1st period - Jordan Eberle wins face-off versus Evgeni Malkin in neutral zone.
19:23 of 1st period - Thomas Vanek is hit by Jordan Eberle.
19:29 of 1st period - Snap shot by Jordan Eberle.
19:29 of 1st period - Goal by Jordan Eberle - Devils : 1 - Senateurs : 0.
19:30 of 1st period - Evgeni Malkin wins face-off versus Matt Duchene in neutral zone.
19:37 of 1st period - Slapshot by Thomas Vanek.
19:37 of 1st period - Stopped by James Reimer with a rebound.
19:39 of 1st period - Snap shot by Dan Hamhuis.
19:39 of 1st period - Stopped by James Reimer with a rebound.
19:41 of 1st period - Wrist shot by Thomas Vanek.
19:41 of 1st period - Stopped by James Reimer without a rebound.
19:42 of 1st period - Matt Duchene wins face-off versus Thomas Vanek in Devils zone.
19:57 of 1st period - Wrist shot by Evgeni Malkin.
19:57 of 1st period - Shot Blocked by Matt Duchene.
Goals for this period are 1 for Devils vs 0 for Senateurs.
Shots for this period are 5 for Devils vs 10 for Senateurs.
2nd period
0:01 of 2nd period - Evgeni Malkin wins face-off versus Matt Duchene in neutral zone.
0:35 of 2nd period - Snap shot by Cody Hodgson.
0:35 of 2nd period - Stopped by James Reimer without a rebound.
0:36 of 2nd period - Evgeni Malkin wins face-off versus Matt Duchene in Devils zone.
0:43 of 2nd period - Snap shot by Evgeni Malkin.
0:43 of 2nd period - Stopped by James Reimer with a rebound.
0:51 of 2nd period - Slapshot by Evgeni Malkin.
0:51 of 2nd period - Shot Misses the Net.
1:25 of 2nd period - Wrist shot by Anthony Stewart.
1:25 of 2nd period - Shot Misses the Net.
1:27 of 2nd period - Slapshot by Mike Komisarek.
1:27 of 2nd period - Stopped by Ondrej Pavelec with a rebound.
1:32 of 2nd period - Icing by Brandon Dubinsky.
1:33 of 2nd period - Brandon Dubinsky wins face-off versus Matt Duchene in Senateurs zone.
1:50 of 2nd period - Snap shot by Matt Duchene.
1:50 of 2nd period - Goal by Matt Duchene - Devils : 2 - Senateurs : 0.
1:51 of 2nd period - Erik Christensen wins face-off versus Evgeni Malkin in neutral zone.
2:02 of 2nd period - Slapshot by Martin St. Louis.
2:02 of 2nd period - Stopped by Ondrej Pavelec without a rebound.
2:03 of 2nd period - Evgeni Malkin wins face-off versus Matt Duchene in Senateurs zone.
2:32 of 2nd period - Dan Hamhuis is hit by Martin St. Louis and loses puck.
3:07 of 2nd period - Minor Penalty to Steve Ott for Cross-checking.
3:08 of 2nd period - Darroll Powe wins face-off versus Evgeni Malkin in Devils zone.
3:24 of 2nd period - Wrist shot by Darroll Powe.
3:24 of 2nd period - Stopped by Ondrej Pavelec without a rebound.
3:25 of 2nd period - Darroll Powe wins face-off versus Evgeni Malkin in Senateurs zone.
4:04 of 2nd period - Slapshot by Cody Hodgson.
4:04 of 2nd period - Stopped by James Reimer without a rebound.
4:05 of 2nd period - Darroll Powe wins face-off versus Cody Hodgson in Devils zone.
5:07 of 2nd period - Penalty to Steve Ott is over, Steve Ott is back on ice.
6:31 of 2nd period - Slapshot by Mike Komisarek.
6:31 of 2nd period - Stopped by Ondrej Pavelec with a rebound.
6:47 of 2nd period - Milan Hejduk is hit by Brandon Bollig and loses puck.
7:03 of 2nd period - Icing by Robyn Regehr.
7:04 of 2nd period - Steve Ott wins face-off versus David Krejci in Devils zone.
8:39 of 2nd period - Off-side.
8:40 of 2nd period - Brandon Dubinsky wins face-off versus Matt Duchene in neutral zone.
9:07 of 2nd period - Martin St. Louis is hit by Ramzi Abid and loses puck.
10:21 of 2nd period - Minor Penalty to Mike Komisarek for Hooking.
10:22 of 2nd period - Evgeni Malkin wins face-off versus Darroll Powe in Devils zone.
11:35 of 2nd period - Tyler Cuma is hit by Thomas Vanek and loses puck.
11:48 of 2nd period - Carlo Colaiacovo is hit by Jordan Eberle and loses puck.
12:13 of 2nd period - Robyn Regehr is hit by Kurtis Foster.
12:21 of 2nd period - Penalty to Mike Komisarek is over, Mike Komisarek is back on ice.
12:25 of 2nd period - Karl Alzner is hit by Carlo Colaiacovo and loses puck.
12:40 of 2nd period - Slapshot by Robyn Regehr.
12:40 of 2nd period - Shot Misses the Net.
12:42 of 2nd period - Snap shot by Steve Ott.
12:42 of 2nd period - Deflect By Brandon Bollig.
12:42 of 2nd period - Shot Blocked by Carlo Colaiacovo.
12:42 of 2nd period - Puck is out of play.
12:43 of 2nd period - Matt Duchene wins face-off versus Brandon Dubinsky in Senateurs zone.
12:44 of 2nd period - Wrist shot by Jordan Eberle.
12:44 of 2nd period - Goal by Jordan Eberle - Devils : 3 - Senateurs : 0.
12:45 of 2nd period - Ted Purcell wins face-off versus Evgeni Malkin in neutral zone.
13:33 of 2nd period - Slapshot by Kellan Lain.
13:33 of 2nd period - Stopped by Ondrej Pavelec without a rebound.
13:34 of 2nd period - Darroll Powe wins face-off versus Brandon Dubinsky in Senateurs zone.
13:35 of 2nd period - Slapshot by Kellan Lain.
13:35 of 2nd period - Shot Misses the Net.
13:45 of 2nd period - Snap shot by Milan Hejduk.
13:45 of 2nd period - Stopped by James Reimer without a rebound.
13:46 of 2nd period - Evgeni Malkin wins face-off versus Matt Duchene in Devils zone.
13:47 of 2nd period - Snap shot by Thomas Vanek.
13:47 of 2nd period - Stopped by James Reimer with a rebound.
13:49 of 2nd period - Backhand shot by Evgeni Malkin.
13:49 of 2nd period - Shot Blocked by Ted Purcell.
13:51 of 2nd period - Slapshot by Kurtis Foster.
13:51 of 2nd period - Stopped by James Reimer with a rebound.
13:53 of 2nd period - Wrist shot by Thomas Vanek.
13:53 of 2nd period - Deflect By Evgeni Malkin.
13:53 of 2nd period - Shot Misses the Net.
13:53 of 2nd period - Puck is out of play.
13:54 of 2nd period - Matt Duchene wins face-off versus Evgeni Malkin in Devils zone.
14:01 of 2nd period - B.J. Crombeen is hit by Matt Duchene and loses puck.
14:22 of 2nd period - Snap shot by Evgeni Malkin.
14:22 of 2nd period - Shot Blocked by Matt Duchene.
15:12 of 2nd period - Snap shot by Evgeni Malkin.
15:12 of 2nd period - Stopped by James Reimer with a rebound.
15:26 of 2nd period - Snap shot by Thomas Vanek.
15:26 of 2nd period - Shot Misses the Net.
15:28 of 2nd period - Slapshot by Evgeni Malkin.
15:28 of 2nd period - Shot Blocked by Karl Alzner.
15:32 of 2nd period - Snap shot by Evgeni Malkin.
15:32 of 2nd period - Shot Misses the Net.
15:34 of 2nd period - Snap shot by Thomas Vanek.
15:34 of 2nd period - Shot Misses the Net.
15:36 of 2nd period - Snap shot by Kurtis Foster.
15:36 of 2nd period - Shot Blocked by Karl Alzner.
16:47 of 2nd period - Minor Penalty to B.J. Crombeen for Hooking.
16:48 of 2nd period - Erik Christensen wins face-off versus David Krejci in Senateurs zone.
18:47 of 2nd period - Penalty to B.J. Crombeen is over, B.J. Crombeen is back on ice.
18:51 of 2nd period - Wrist shot by Cody Hodgson.
18:51 of 2nd period - Shot Blocked by Brandon Bollig.
Goals for this period are 2 for Devils vs 0 for Senateurs.
Shots for this period are 7 for Devils vs 7 for Senateurs.
3rd period
0:01 of 3rd period - Evgeni Malkin wins face-off versus Erik Christensen in neutral zone.
0:06 of 3rd period - Slapshot by Evgeni Malkin.
0:06 of 3rd period - Shot Misses the Net.
0:08 of 3rd period - Snap shot by B.J. Crombeen.
0:08 of 3rd period - Goal by B.J. Crombeen - Devils : 3 - Senateurs : 1.
0:09 of 3rd period - Evgeni Malkin wins face-off versus Erik Christensen in neutral zone.
0:38 of 3rd period - Snap shot by Matt Duchene.
0:38 of 3rd period - Stopped by Ondrej Pavelec with a rebound.
1:39 of 3rd period - Off-side.
1:40 of 3rd period - Cody Hodgson wins face-off versus Steve Ott in neutral zone.
1:46 of 3rd period - Wrist shot by Cody Hodgson.
1:46 of 3rd period - Shot Misses the Net.
1:48 of 3rd period - Slapshot by Carlo Colaiacovo.
1:48 of 3rd period - Stopped by James Reimer with a rebound.
2:06 of 3rd period - Thomas Vanek is hit by Adam Pardy and loses puck.
2:17 of 3rd period - Snap shot by Martin St. Louis.
2:17 of 3rd period - Stopped by Ondrej Pavelec without a rebound.
2:18 of 3rd period - Matt Duchene wins face-off versus Johan Franzen in Senateurs zone.
2:25 of 3rd period - Snap shot by Matt Duchene.
2:25 of 3rd period - Stopped by Ondrej Pavelec without a rebound.
2:26 of 3rd period - Cody Hodgson wins face-off versus Matt Duchene in Senateurs zone.
2:31 of 3rd period - Snap shot by Ted Purcell.
2:31 of 3rd period - Shot Blocked by Dan Hamhuis.
2:33 of 3rd period - Snap shot by Robyn Regehr.
2:33 of 3rd period - Stopped by Ondrej Pavelec with a rebound.
2:35 of 3rd period - Snap shot by Jordan Eberle.
2:35 of 3rd period - Shot Blocked by Dan Hamhuis.
2:37 of 3rd period - Slapshot by Robyn Regehr.
2:37 of 3rd period - Shot Blocked by Dan Hamhuis.
2:39 of 3rd period - Snap shot by Jordan Eberle.
2:39 of 3rd period - Shot Misses the Net.
2:41 of 3rd period - Wrist shot by Jordan Eberle.
2:41 of 3rd period - Stopped by Ondrej Pavelec with a rebound.
2:49 of 3rd period - Snap shot by Jordan Eberle.
2:49 of 3rd period - Stopped by Ondrej Pavelec without a rebound.
2:50 of 3rd period - Erik Christensen wins face-off versus B.J. Crombeen in Senateurs zone.
2:51 of 3rd period - Snap shot by Martin St. Louis.
2:51 of 3rd period - Shot Blocked by Carlo Colaiacovo.
3:03 of 3rd period - Wrist shot by Evgeni Malkin.
3:03 of 3rd period - Shot Misses the Net.
3:05 of 3rd period - Slapshot by Carlo Colaiacovo.
3:05 of 3rd period - Stopped by James Reimer with a rebound.
3:11 of 3rd period - Minor Penalty to J.T. Miller for Hooking.
3:12 of 3rd period - Darroll Powe wins face-off versus Evgeni Malkin in Devils zone.
4:36 of 3rd period - Johan Franzen is hit by Matt Duchene and loses puck.
5:11 of 3rd period - Penalty to J.T. Miller is over, J.T. Miller is back on ice.
5:18 of 3rd period - Backhand shot by Martin St. Louis.
5:18 of 3rd period - Shot Blocked by Sergei Kostitsyn.
5:20 of 3rd period - Snap shot by Matt Duchene.
5:20 of 3rd period - Shot Blocked by Milan Hejduk.
5:22 of 3rd period - Slapshot by Mike Komisarek.
5:22 of 3rd period - Stopped by Ondrej Pavelec without a rebound.
5:23 of 3rd period - Matt Duchene wins face-off versus Brandon Dubinsky in Senateurs zone.
5:26 of 3rd period - Wrist shot by Ted Purcell.
5:26 of 3rd period - Deflect By Jordan Eberle.
5:26 of 3rd period - Stopped by Ondrej Pavelec without a rebound.
5:27 of 3rd period - Brandon Dubinsky wins face-off versus Ted Purcell in Senateurs zone.
5:27 of 3rd period - Brandon Dubinsky is hit by Ted Purcell.
5:35 of 3rd period - Wrist shot by Brandon Dubinsky.
5:35 of 3rd period - Shot Blocked by Tyler Cuma.
6:49 of 3rd period - Snap shot by Brandon Dubinsky.
6:49 of 3rd period - Shot Misses the Net.
6:51 of 3rd period - Slapshot by Carlo Colaiacovo.
6:51 of 3rd period - Shot Blocked by Karl Alzner.
6:53 of 3rd period - Slapshot by Milan Hejduk.
6:53 of 3rd period - Shot Misses the Net.
6:55 of 3rd period - Snap shot by Milan Hejduk.
6:55 of 3rd period - Shot Misses the Net.
6:57 of 3rd period - Wrist shot by Brandon Dubinsky.
6:57 of 3rd period - Goal by Brandon Dubinsky - Devils : 3 - Senateurs : 2.
6:58 of 3rd period - Matt Duchene wins face-off versus Evgeni Malkin in neutral zone.
7:05 of 3rd period - Wrist shot by Evgeni Malkin.
7:05 of 3rd period - Stopped by James Reimer without a rebound.
7:06 of 3rd period - Matt Duchene wins face-off versus Evgeni Malkin in Devils zone.
7:06 of 3rd period - Matt Duchene is hit by Kurtis Foster.
7:37 of 3rd period - Wrist shot by Johan Franzen.
7:37 of 3rd period - Stopped by James Reimer without a rebound.
7:38 of 3rd period - Evgeni Malkin wins face-off versus Erik Christensen in Devils zone.
7:41 of 3rd period - Snap shot by B.J. Crombeen.
7:41 of 3rd period - Stopped by James Reimer without a rebound.
7:42 of 3rd period - Erik Christensen wins face-off versus Evgeni Malkin in Devils zone.
7:42 of 3rd period - Erik Christensen is hit by Carlo Colaiacovo.
8:36 of 3rd period - Snap shot by Ted Purcell.
8:36 of 3rd period - Stopped by Ondrej Pavelec without a rebound.
8:37 of 3rd period - Evgeni Malkin wins face-off versus Matt Duchene in Senateurs zone.
8:50 of 3rd period - Snap shot by Evgeni Malkin.
8:50 of 3rd period - Shot Misses the Net.
9:04 of 3rd period - Ramzi Abid is hit by Darroll Powe and loses puck.
9:11 of 3rd period - Snap shot by Kurtis Foster.
9:11 of 3rd period - Shot Blocked by Mike Komisarek.
9:13 of 3rd period - Slapshot by Vladimir Mihalik.
9:13 of 3rd period - Shot Blocked by Mike Komisarek.
9:30 of 3rd period - Brandon Bollig is hit by Vladimir Mihalik and loses puck.
10:28 of 3rd period - Off-side.
10:29 of 3rd period - Darroll Powe wins face-off versus Evgeni Malkin in neutral zone.
11:25 of 3rd period - Slapshot by Dan Hamhuis.
11:25 of 3rd period - Shot Misses the Net.
11:27 of 3rd period - Slapshot by Kurtis Foster.
11:27 of 3rd period - Deflect By Ramzi Abid.
11:27 of 3rd period - Goal by Ramzi Abid - Devils : 3 - Senateurs : 3.
11:28 of 3rd period - Matt Duchene wins face-off versus Evgeni Malkin in neutral zone.
12:03 of 3rd period - Wrist shot by Erik Christensen.
12:03 of 3rd period - Shot Blocked by Johan Franzen.
12:05 of 3rd period - Snap shot by Erik Christensen.
12:05 of 3rd period - Stopped by Ondrej Pavelec with a rebound.
12:41 of 3rd period - Snap shot by Anthony Stewart.
12:41 of 3rd period - Stopped by Ondrej Pavelec with a rebound.
12:43 of 3rd period - Snap shot by Anthony Stewart.
12:43 of 3rd period - Stopped by Ondrej Pavelec without a rebound.
12:44 of 3rd period - Matt Duchene wins face-off versus Cody Hodgson in Senateurs zone.
12:53 of 3rd period - Ted Purcell is hit by Johan Franzen and loses puck.
13:10 of 3rd period - Evgeni Malkin is hit by Adam Pardy and loses puck.
13:21 of 3rd period - Slapshot by Erik Christensen.
13:21 of 3rd period - Stopped by Ondrej Pavelec with a rebound.
13:54 of 3rd period - Mike Komisarek is hit by Kurtis Foster and loses puck.
13:59 of 3rd period - Wrist shot by Cody Hodgson.
13:59 of 3rd period - Shot Blocked by Ryan Whitney.
14:32 of 3rd period - Mike Komisarek is hit by Vladimir Mihalik and loses puck.
14:49 of 3rd period - Snap shot by Milan Hejduk.
14:49 of 3rd period - Stopped by James Reimer without a rebound.
14:50 of 3rd period - Brandon Dubinsky wins face-off versus Ted Purcell in Devils zone.
14:51 of 3rd period - Snap shot by Milan Hejduk.
14:51 of 3rd period - Shot Misses the Net.
15:46 of 3rd period - Snap shot by Brandon Dubinsky.
15:46 of 3rd period - Stopped by James Reimer with a rebound.
15:54 of 3rd period - Dan Hamhuis is hit by Erik Christensen and loses puck.
16:15 of 3rd period - Wrist shot by Brandon Dubinsky.
16:15 of 3rd period - Stopped by James Reimer without a rebound.
16:16 of 3rd period - Kellan Lain wins face-off versus David Krejci in Devils zone.
16:23 of 3rd period - Snap shot by Karl Alzner.
16:23 of 3rd period - Shot Misses the Net.
17:02 of 3rd period - Wrist shot by Brandon Bollig.
17:02 of 3rd period - Stopped by Ondrej Pavelec without a rebound.
17:03 of 3rd period - Evgeni Malkin wins face-off versus Steve Ott in Senateurs zone.
17:03 of 3rd period - Evgeni Malkin is hit by Steve Ott.
17:12 of 3rd period - Penalty Shot by Steve Ott for Devils.
17:12 of 3rd period - Wrist shot by Steve Ott.
17:12 of 3rd period - Goal by Steve Ott - Devils : 4 - Senateurs : 3.
17:13 of 3rd period - Darroll Powe wins face-off versus Thomas Vanek in neutral zone.
17:14 of 3rd period - Darroll Powe wins face-off versus David Krejci in Devils zone.
17:27 of 3rd period - Snap shot by David Krejci.
17:27 of 3rd period - Shot Hit the Post.
17:34 of 3rd period - Minor Penalty to David Krejci for Hooking.
17:35 of 3rd period - Evgeni Malkin wins face-off versus Matt Duchene in Senateurs zone.
18:38 of 3rd period - Snap shot by Brandon Dubinsky.
18:38 of 3rd period - Shot Misses the Net.
19:16 of 3rd period - Kurtis Foster is hit by Karl Alzner and loses puck.
19:34 of 3rd period - Penalty to David Krejci is over, David Krejci is back on ice.
19:48 of 3rd period - Anthony Stewart is hit by Brandon Dubinsky and loses puck.
19:51 of 3rd period - Senateurs, Ondrej Pavelec is pulled from the net.
Goals for this period are 1 for Devils vs 3 for Senateurs.
Shots for this period are 14 for Devils vs 11 for Senateurs.
Back to the Top